TOP OF THE 1ST |
Brooklyn Cyclones batting - Pitching for Boise Hawks : LHP Kyle Mearkle
|
Pitching: LHP Kyle Mearkle
|
|
Batting: RHB Corban Stavrakis
|
0-0: Ball 1-0: Called Strike 1-1: Called Strike 1-2: Ball 2-2: Foul Ball, location: 2F 2-2: Hit by Pitch
|
Batting: RHB Hyeok Kim
|
0-0: Called Strike 0-1: Ball 1-1: Foul Ball, location: 2F 1-2: Fielders Choice at 2nd, 5-4 (Groundball, 56, EV 90.0 MPH)
|
Batting: RHB Chris Nelson
|
0-0: Called Strike Hyeok Kim steals 2nd base (no throw) 0-1: Called Strike 0-2: Ball 1-2: Ball 2-2: DOUBLE (Line Drive, 89M, EV 111.2 MPH) Hyeok Kim scores
|
Batting: RHB Oscar Chairez
|
0-0: Hit by Pitch
|
Batting: LHB Adam Barry
|
0-0: Ball 1-0: Ball 2-0: Ball 3-0: Called Strike 3-1: Base on Balls Chris Nelson to third Oscar Chairez to second
|
Batting: LHB Kodai Furuki
|
0-0: Swinging Strike 0-1: Ball 1-1: Ball 2-1: Swinging Strike 2-2: Ball 3-2: Base on Balls Chris Nelson scores Oscar Chairez to third Adam Barry to second
|
Batting: LHB Manny Caldera
|
0-0: Called Strike 0-1: Swinging Strike 0-2: Foul Ball, location: 2F 0-2: Foul Ball, location: 2F 0-2: Ball 1-2: Ball 2-2: Strikes out swinging
|
Batting: RHB Louwe Starmans
|
0-0: Ball 1-0: Foul Ball, location: 2F 1-1: Ball 2-1: Foul Ball, location: 2F 2-2: Strikes out swinging
|
Top of the 1st over - 2 runs, 1 hit, 0 errors, 3 left on base; Brooklyn 2 - Boise 0 |
BOTTOM OF THE 1ST |
Boise Hawks batting - Pitching for Brooklyn Cyclones : RHP Tony Ramos
|
Pitching: RHP Tony Ramos
|
|
Batting: RHB Ryan Rinaldi
|
0-0: Ball 1-0: Called Strike 1-1: Foul Ball, location: 2F 1-2: Ball 2-2: Ball 3-2: DOUBLE (Line Drive, 89XD, EV 98.8 MPH)
|
Batting: LHB Eddie Gonzalez
|
0-0: Ball 1-0: Called Strike 1-1: Ball 2-1: Ball 3-1: SINGLE (Groundball, 4MS, EV 68.1 MPH) (infield hit) Ryan Rinaldi to third
|
Batting: LHB Bill McGregor
|
0-0: Ball 1-0: Called Strike 1-1: Ball 2-1: Foul Ball, location: 2F 2-2: SINGLE (Groundball, 56D, EV 106.2 MPH) Ryan Rinaldi scores Eddie Gonzalez to second
|
Batting: LHB Glenn Lowther
|
0-0: Ball 1-0: Foul Ball, location: 2F 1-1: Ball 2-1: Foul Ball, location: 2F 2-2: Foul Ball, location: 2F 2-2: Ball 3-2: Foul Ball, location: 2F 3-2: Fly out, F1 (Line Drive, P, EV 66.2 MPH)
|
Batting: RHB John Boyer
|
0-0: Ball 1-0: Swinging Strike 1-1: Called Strike 1-2: Grounds into double play, 6-4-3 (Groundball, 6, EV 91.9 MPH)
|
Bottom of the 1st over - 1 run, 3 hits, 0 errors, 1 left on base; Brooklyn 2 - Boise 1 |
TOP OF THE 2ND |
Brooklyn Cyclones batting - Pitching for Boise Hawks : LHP Kyle Mearkle
|
Batting: RHB Jung-keun Bai
|
0-0: Called Strike 0-1: Called Strike 0-2: Ball 1-2: Strikes out swinging
|
Batting: RHB Corban Stavrakis
|
0-0: Called Strike 0-1: Ball 1-1: Ball 2-1: Swinging Strike 2-2: Hit by Pitch
|
Batting: RHB Hyeok Kim
|
0-0: Ball 1-0: Ball 2-0: Ball 3-0: Called Strike 3-1: Fly out, F9 (Flyball, 9LS, EV 89.4 MPH)
|
Batting: RHB Chris Nelson
|
0-0: Swinging Strike 0-1: Foul Ball, location: 2F 0-2: Strikes out swinging
|
Top of the 2nd over - 0 runs, 0 hits, 0 errors, 1 left on base; Brooklyn 2 - Boise 1 |
BOTTOM OF THE 2ND |
Boise Hawks batting - Pitching for Brooklyn Cyclones : RHP Tony Ramos
|
Batting: RHB Chris Tatum
|
0-0: Foul Ball, location: 2F 0-1: Ball 1-1: Called Strike 1-2: SINGLE (Line Drive, 78S, EV 86.2 MPH)
|
Batting: RHB Elias Urbina
|
0-0: Ball 1-0: Foul Ball, location: 2F 1-1: Fly out, F3 (Line Drive, 3, EV 66.2 MPH)
|
Batting: LHB Joe Miller
|
0-0: Ball 1-0: Called Strike 1-1: Ball 2-1: Swinging Strike 2-2: Fly out, F7 (Flyball, 7LM, EV 87.5 MPH)
|
Batting: RHB Matt Cone
|
0-0: Ball 1-0: Foul Ball, location: 2F 1-1: Ball 2-1: Ball 3-1: Foul Ball, location: 2F 3-2: Base on Balls Chris Tatum to second
|
Batting: RHB Ryan Rinaldi
|
0-0: Ball 1-0: Ball 2-0: Ball 3-0: Base on Balls Chris Tatum to third Matt Cone to second
|
Batting: LHB Eddie Gonzalez
|
0-0: Foul Ball, location: 2F 0-1: Foul Ball, location: 2F 0-2: Ball 1-2: Fielders Choice at 2nd, 5-4 (Groundball, 5L, EV 84.4 MPH)
|
Bottom of the 2nd over - 0 runs, 1 hit, 0 errors, 3 left on base; Brooklyn 2 - Boise 1 |
TOP OF THE 3RD |
Brooklyn Cyclones batting - Pitching for Boise Hawks : LHP Kyle Mearkle
|
Batting: RHB Oscar Chairez
|
0-0: Foul Ball, location: 2F 0-1: Ball 1-1: Swinging Strike 1-2: Ball 2-2: Foul Ball, location: 2F 2-2: Ball 3-2: Foul Ball, location: 2F 3-2: Fly out, F8 (Flyball, 8LD, EV 94.4 MPH)
|
Batting: LHB Adam Barry
|
0-0: Ball 1-0: Called Strike 1-1: Swinging Strike 1-2: Foul Ball, location: 2F 1-2: Strikes out swinging
|
Batting: LHB Kodai Furuki
|
0-0: Foul Ball, location: 2F 0-1: Called Strike 0-2: Foul Ball, location: 2F 0-2: Foul Ball, location: 2F 0-2: Ball 1-2: Ground out U3 (Groundball, 23, EV 81.9 MPH)
|
Top of the 3rd over - 0 runs, 0 hits, 0 errors, 0 left on base; Brooklyn 2 - Boise 1 |
BOTTOM OF THE 3RD |
Boise Hawks batting - Pitching for Brooklyn Cyclones : RHP Tony Ramos
|
Batting: LHB Bill McGregor
|
0-0: DOUBLE (Groundball, 3L, EV 110.0 MPH)
|
Batting: LHB Glenn Lowther
|
0-0: Ball 1-0: Called Strike 1-1: Ball 2-1: Ground out 1-3 (Groundball, P, EV 65.0 MPH) Bill McGregor to third
|
Batting: RHB John Boyer
|
0-0: Called Strike 0-1: Ball 1-1: Foul Ball, location: 2F 1-2: Strikes out looking
|
Batting: RHB Chris Tatum
|
0-0: Called Strike 0-1: Swinging Strike 0-2: Hit by Pitch
|
Batting: RHB Elias Urbina
|
0-0: Swinging Strike 0-1: Ball 1-1: Ball 2-1: Ball 3-1: Base on Balls Chris Tatum to second
|
Batting: LHB Joe Miller
|
0-0: Foul Ball, location: 2F 0-1: Ball 1-1: Ball 2-1: Swinging Strike 2-2: Ball 3-2: Base on Balls Bill McGregor scores Chris Tatum to third Elias Urbina to second
|
Batting: RHB Matt Cone
|
0-0: Fielders Choice at 2nd, 5-4 (Groundball, 56, EV 105.0 MPH)
|
Bottom of the 3rd over - 1 run, 1 hit, 0 errors, 3 left on base; Brooklyn 2 - Boise 2 |
TOP OF THE 4TH |
Brooklyn Cyclones batting - Pitching for Boise Hawks : LHP Kyle Mearkle
|
Pitching: LHP Su-wu Pi
|
|
Pinch Hitting: RHB Mario Trujillo
|
0-0: Called Strike 0-1: Ball 1-1: Swinging Strike 1-2: Strikes out looking
|
Batting: RHB Louwe Starmans
|
0-0: Called Strike 0-1: Swinging Strike 0-2: Ball 1-2: Ball 2-2: Ground out 6-3 (Groundball, 56, EV 88.1 MPH)
|
Batting: RHB Jung-keun Bai
|
0-0: Called Strike 0-1: Fly out, F7 (Line Drive, 7, EV 92.5 MPH)
|
Top of the 4th over - 0 runs, 0 hits, 0 errors, 0 left on base; Brooklyn 2 - Boise 2 |
BOTTOM OF THE 4TH |
Boise Hawks batting - Pitching for Brooklyn Cyclones : RHP Tony Ramos
|
Now at 2B: Allen Wozniak
|
|
Now at SS: Hyeok Kim
|
|
Batting: RHB Ryan Rinaldi
|
0-0: Ball 1-0: Ball 2-0: Ball 3-0: Called Strike 3-1: Base on Balls
|
Batting: LHB Eddie Gonzalez
|
0-0: Ball 1-0: Called Strike 1-1: 2-RUN HOME RUN (Flyball, 89XD, EV 99.4 MPH), Distance : 397 ft
|
Batting: LHB Bill McGregor
|
0-0: Called Strike 0-1: Ground out 4-3 (Groundball, 4, EV 90.6 MPH)
|
Batting: LHB Glenn Lowther
|
0-0: Called Strike 0-1: Ball 1-1: Ball 2-1: Swinging Strike 2-2: Ball 3-2: Foul Ball, location: 2F 3-2: Base on Balls
|
Batting: RHB John Boyer
|
0-0: Called Strike 0-1: Ball 1-1: Ball 2-1: Fly out, F8 (Flyball, 8RXD, EV 95.6 MPH)
|
Batting: RHB Chris Tatum
|
0-0: Called Strike Glenn Lowther steals 2nd base 0-1: Fly out, F7 (Flyball, 7LM, EV 89.4 MPH)
|
Bottom of the 4th over - 2 runs, 1 hit, 0 errors, 1 left on base; Brooklyn 2 - Boise 4 |
TOP OF THE 5TH |
Brooklyn Cyclones batting - Pitching for Boise Hawks : LHP Su-wu Pi
|
Batting: RHB Corban Stavrakis
|
0-0: Swinging Strike 0-1: Called Strike 0-2: Strikes out swinging
|
Batting: RHB Hyeok Kim
|
0-0: Called Strike 0-1: Ball 1-1: Ground out 5-3 (Groundball, 56, EV 80.0 MPH)
|
Batting: RHB Chris Nelson
|
0-0: Called Strike 0-1: Swinging Strike 0-2: Ball 1-2: Strikes out looking
|
Top of the 5th over - 0 runs, 0 hits, 0 errors, 0 left on base; Brooklyn 2 - Boise 4 |
BOTTOM OF THE 5TH |
Boise Hawks batting - Pitching for Brooklyn Cyclones : RHP Tony Ramos
|
Pitching: LHP Jose Diaz
|
|
Batting: RHB Elias Urbina
|
0-0: Called Strike 0-1: Ball 1-1: Fly out, F7 (Line Drive, 7, EV 106.9 MPH)
|
Batting: LHB Joe Miller
|
0-0: Ball 1-0: Ball 2-0: Foul Ball, location: 2F 2-1: Ball 3-1: Called Strike 3-2: Base on Balls
|
Batting: RHB Matt Cone
|
0-0: Called Strike 0-1: Swinging Strike 0-2: Foul Ball, location: 2F 0-2: Ball 1-2: Foul Ball, location: 2F 1-2: Foul Ball, location: 2F 1-2: Foul Ball, location: 2F 1-2: Ball 2-2: Foul Ball, location: 2F 2-2: Foul Ball, location: 2F 2-2: Foul Ball, location: 2F 2-2: Strikes out swinging
|
Batting: RHB Ryan Rinaldi
|
0-0: SINGLE (Groundball, 6MD, EV 106.9 MPH) Joe Miller to second Runner from 2nd tries for 3rd, OUT! 8-5
|
Bottom of the 5th over - 0 runs, 1 hit, 0 errors, 1 left on base; Brooklyn 2 - Boise 4 |
TOP OF THE 6TH |
Brooklyn Cyclones batting - Pitching for Boise Hawks : LHP Su-wu Pi
|
Batting: RHB Oscar Chairez
|
0-0: Foul Ball, location: 2F 0-1: Ball 1-1: Ball 2-1: SINGLE (Groundball, 4, EV 96.2 MPH)
|
Batting: LHB Adam Barry
|
0-0: Called Strike 0-1: Ball 1-1: Ball 2-1: Foul Ball, location: 2F 2-2: Ball 3-2: Strikes out swinging Oscar Chairez steals 2nd base Batter strikes out.
|
Batting: LHB Kodai Furuki
|
0-0: Ball 1-0: Called Strike 1-1: Swinging Strike 1-2: Fly out, F8 (Flyball, 8LXD, EV 106.2 MPH) Runner from 2nd tags up, SAFE at 3rd, no throw by CF
|
Batting: RHB Allen Wozniak
|
0-0: Ball 1-0: Called Strike 1-1: Ball 2-1: Ball 3-1: Called Strike 3-2: Foul Ball, location: 2F 3-2: Strikes out swinging
|
Top of the 6th over - 0 runs, 1 hit, 0 errors, 1 left on base; Brooklyn 2 - Boise 4 |
BOTTOM OF THE 6TH |
Boise Hawks batting - Pitching for Brooklyn Cyclones : LHP Jose Diaz
|
Batting: LHB Eddie Gonzalez
|
0-0: Ground out 5-3 (Groundball, 5, EV 82.5 MPH)
|
Batting: LHB Bill McGregor
|
0-0: Ball 1-0: Ball 2-0: Called Strike 2-1: Foul Ball, location: 2F 2-2: Strikes out looking
|
Batting: LHB Glenn Lowther
|
0-0: Fly out, F6 (Popup, 6M, EV 55.6 MPH)
|
Bottom of the 6th over - 0 runs, 0 hits, 0 errors, 0 left on base; Brooklyn 2 - Boise 4 |
TOP OF THE 7TH |
Brooklyn Cyclones batting - Pitching for Boise Hawks : LHP Su-wu Pi
|
Pitching: LHP Dan Ott
|
|
Batting: RHB Louwe Starmans
|
0-0: Ball 1-0: Foul Ball, location: 2F 1-1: Ball 2-1: SINGLE (Groundball, 6MD, EV 100.6 MPH)
|
Batting: RHB Jung-keun Bai
|
0-0: Ball 1-0: Swinging Strike 1-1: Swinging Strike 1-2: Ball 2-2: Strikes out swinging
|
Batting: RHB Corban Stavrakis
|
0-0: Grounds into double play, 4-6-3 (Groundball, 4, EV 90.6 MPH)
|
Top of the 7th over - 0 runs, 1 hit, 0 errors, 0 left on base; Brooklyn 2 - Boise 4 |
BOTTOM OF THE 7TH |
Boise Hawks batting - Pitching for Brooklyn Cyclones : LHP Jose Diaz
|
Pitching: RHP Jason Vulich
|
|
Batting: RHB John Boyer
|
0-0: Ball 1-0: SINGLE (Line Drive, 78S, EV 106.2 MPH)
|
Batting: RHB Chris Tatum
|
0-0: Ball 1-0: Ball 2-0: DOUBLE (Groundball, 5L, EV 101.9 MPH) John Boyer to third
|
Batting: LHB Greg Valenzuela
|
0-0: Intentional Walk
|
Batting: LHB Joe Miller
|
0-0: Called Strike 0-1: Called Strike 0-2: Foul Ball, location: 2F 0-2: Foul Ball, location: 2F 0-2: Fly out, F9 (Line Drive, 9D, EV 83.1 MPH) Runner from 3rd tags up, SCORES, no throw by RF Chris Tatum to third
|
Batting: RHB Matt Cone
|
0-0: Ball Greg Valenzuela steals 2nd base 1-0: Ball 2-0: Foul Ball, location: 2F 2-1: Fly out, F8 (Line Drive, 8RM, EV 103.1 MPH) Runner from 3rd tags up, SCORES, no throw by CF
|
Batting: RHB Ryan Rinaldi
|
0-0: Ball 1-0: Ball 2-0: Ground out 1-3 (Groundball, 34S, EV 74.4 MPH)
|
Bottom of the 7th over - 2 runs, 2 hits, 0 errors, 1 left on base; Brooklyn 2 - Boise 6 |
TOP OF THE 8TH |
Brooklyn Cyclones batting - Pitching for Boise Hawks : LHP Dan Ott
|
Batting: RHB Hyeok Kim
|
0-0: Swinging Strike 0-1: Ground out U3 (Groundball, 34, EV 81.2 MPH)
|
Batting: RHB Chris Nelson
|
0-0: Foul Ball, location: 2F 0-1: Called Strike 0-2: Strikes out looking
|
Batting: RHB Oscar Chairez
|
0-0: Foul Ball, location: 2F 0-1: Ball 1-1: Ball 2-1: DOUBLE (Flyball, 89D, EV 98.8 MPH)
|
Batting: LHB Adam Barry
|
0-0: Ball 1-0: Ground out 4-3 (Groundball, 34, EV 100.6 MPH)
|
Top of the 8th over - 0 runs, 1 hit, 0 errors, 1 left on base; Brooklyn 2 - Boise 6 |
BOTTOM OF THE 8TH |
Boise Hawks batting - Pitching for Brooklyn Cyclones : RHP Jason Vulich
|
Batting: LHB Eddie Gonzalez
|
0-0: Ball 1-0: SINGLE (Groundball, 56S, EV 70.0 MPH) (infield hit)
|
Batting: LHB Bill McGregor
|
0-0: Called Strike Eddie Gonzalez steals 2nd base 0-1: Foul Ball, location: 2F 0-2: Ball 1-2: Strikes out swinging
|
Batting: LHB Glenn Lowther
|
0-0: Called Strike 0-1: Ball 1-1: Ball 2-1: Called Strike 2-2: Fly out, F9 (Line Drive, 9D, EV 102.5 MPH)
|
Batting: RHB John Boyer
|
0-0: Called Strike 0-1: Reached on error, E8 (Flyball, 8LM, EV 98.1 MPH) Eddie Gonzalez scores
|
Batting: RHB Chris Tatum
|
0-0: Called Strike 0-1: Ball 1-1: Ground out 6-3 (Groundball, 6, EV 88.8 MPH)
|
Bottom of the 8th over - 1 run, 1 hit, 1 error, 1 left on base; Brooklyn 2 - Boise 7 |
TOP OF THE 9TH |
Brooklyn Cyclones batting - Pitching for Boise Hawks : LHP Dan Ott
|
Batting: LHB Kodai Furuki
|
0-0: Called Strike 0-1: Ball 1-1: Ball 2-1: Ball 3-1: Foul Ball, location: 2F 3-2: Foul Ball, location: 2F 3-2: Strikes out swinging
|
Batting: RHB Allen Wozniak
|
0-0: Ball 1-0: Ball 2-0: Ball 3-0: Called Strike 3-1: Foul Ball, location: 2F 3-2: Foul Ball, location: 2F 3-2: Strikes out swinging
|
Batting: RHB Louwe Starmans
|
0-0: Ground out 6-3 (Groundball, 6, EV 92.5 MPH)
|
Top of the 9th over - 0 runs, 0 hits, 0 errors, 0 left on base; Brooklyn 2 - Boise 7 |
|